 Dungeon Crawl Stone Soup version 0.31-a0-1074-g0b22e4e0f1 (webtiles) character file.

Game seed: 8119825164535265606

121 grandjackal the Trooper (level 5, -1/54 HPs)
             Began as an Ogre Warper on Nov 29, 2023.
             Slain by an orc
             ... wielding a +0 flail
              (8 damage)
             ... on level 4 of the Dungeon.
             The game lasted 00:04:24 (2795 turns).

grandjackal the Trooper (Ogre Warper)               Turns: 2795, Time: 00:04:24

Health: -1/54      AC:  7    Str: 15    XL:     5   Next: 5%
Magic:  10/10      EV:  9    Int: 16    God:
Gold:   183        SH:  0    Dex:  8    Spells: 4/10 levels left

rFire   . . .        a - +0 mace
rCold   . . .        (no shield)
rNeg    . . .        b - +0 robe
rPois   .            (helmet restricted)
rElec   .            m - +0 cloak
rCorr   .            (gloves unavailable)
SInv    .            (boots unavailable)
Will    +....        (no amulet)
Stlth   +            (no ring)
HPRegen 0.29/turn    (no ring)
MPRegen 0.12/turn

%: no passive effects
@: attractive, enlightened, flying, hasted, invisible, very quick
A: large, unfitting armour, tough skin 1, iridescent scales 1, shaggy fur 1,
inability to read after injury 1, MP-powered wands
a: no special abilities


You were on level 4 of the Dungeon.
You visited 1 branch of the dungeon, and saw 4 of its levels.

You collected 183 gold pieces.

Inventory:

Hand Weapons
 a - a +0 mace (weapon)
 r - a +0 whip
Missiles
 d - 7 darts of dispersal (quivered)
 p - 3 curare-tipped darts
Armour
 b - a +0 robe (worn)
 m - a +0 cloak (worn)
Jewellery
 j - a ring of protection from cold
Scrolls
 c - a scroll of blinking
 f - a scroll of amnesia {unknown}
 h - 7 scrolls of identify {unknown}
 k - 2 scrolls of vulnerability {unknown}
 n - 2 scrolls of enchant armour {unknown}
 q - a scroll of silence {unknown}
 s - a scroll of noise {unknown}
Potions
 e - 2 potions of mutation


   Skills:
 + Level 4.1 Fighting
 + Level 2.7 Maces & Flails
 - Level 1.0 Throwing
 - Level 2.1 Dodging
 + Level 3.4 Spellcasting
 + Level 3.3 Translocations


You had 4 spell levels left.
You knew the following spells:

 Your Spells              Type           Power      Damage    Failure   Level
a - Blink                 Tloc           26%        N/A       7%          2
b - Manifold Assault      Tloc           13%        N/A       41%         4

Your spell library contained the following spells:

 Spells                   Type           Power      Damage    Failure   Level
 Lesser Beckoning         Tloc           26%        N/A       7%          2
 Teleport Other           Tloc           13%        N/A       13%         3
 Dazzling Flash           Conj/Hex       4%         N/A       47%         3
 Vhi's Electric Charge    Tloc/Air       16%        N/A       65%         4
 Flame Wave               Conj/Fire      2%         2d4       87%         4
 Agony                    Necr           2%         N/A       99%         5
 Irradiate                Conj/Tmut      1%         3d12      99%         5
 Silence                  Hex/Air        1%         N/A       99%         5


Dungeon Overview and Level Annotations

Branches:
Dungeon (4/15)
 Temple: D:4-7

Altars:
Dithmenos
Makhleb
Yredelemnul

Annotations:
D:2 Terence
D:3 1 runed translucent door


Innate Abilities, Weirdness & Mutations

You are too large for most types of armour.
You have tough skin. (AC +1)
You are partially covered in iridescent scales. (AC +2)
You are covered in fur. (AC +1)
You occasionally lose the ability to read scrolls when taking damage.
You expend magic power (3 MP) to strengthen your wands.


Message History

You're too confused to move!
The orc closely misses you. Something hits you but does no damage.
You hear some strange, mumbled words.
A puff of flame appears from out of thin air!
The puff of flame misses you.
You bump into the rock wall.
Something hits you but does no damage. The orc hits you with a +0 flail.
You miss something.
You feel less confused. Something hits you.
* * * LOW HITPOINT WARNING * * *
The orc closely misses you.
It was a potion of attraction.
You feel attractive to monsters. Something hits you but does no damage.
The orc barely misses you. The orc is attracted toward you.
It was a potion of enlightenment.
You feel very buoyant.
You fly up into the air.
You hear some strange, mumbled words.
A puff of flame appears from out of thin air!
The puff of flame misses you. The orc misses you.
It was a potion of haste.
You feel yourself speed up. Something hits you but does no damage.
The orc hits you with a +0 flail.
* * * LOW HITPOINT WARNING * * *
It was a potion of invisibility.
You fade into invisibility!
The endoplasm barely misses you. Something hits you but does no damage.
The orc hits you with a +0 flail.
* * * LOW HITPOINT WARNING * * *
You sock the endoplasm!
You kill the endoplasm!
The orc barely misses you. Something is attracted toward you.
You hit the orc but do no damage. The orc closely misses you.
You hear some strange, mumbled words.
The orc resists with significant effort.
The orc closely misses you.
You hit the orc but do no damage. The orc hits you but does no damage.
The orc hits you with a +0 flail!
You die...

...########
#........
.#..#.....##........
.##........#.#?....
.##..........##...
.##..........##..
†.#.........###)#
#.#.........###.#
#..............o####
##.........#....@..#
###...........§o...#
# #................#
# #................#
# #.........########
# #[........# #
##.......##
##.....## #######


You could see 2 orcs.

Vanquished Creatures
  A human zombie (D:3)
  An adder (D:3)
  A dart slug (D:1)
  2 orcs
  10 endoplasms
  2 giant cockroaches (D:4)
  7 goblins
  7 hobgoblins
  2 jackals (D:1)
  6 kobolds
  4 quokkas
  8 ball pythons
  8 bats
  4 frilled lizards
  3 rats
66 creatures vanquished.

Notes
Turn   | Place    | Note
-------+----------+-------------------------------------------
     0 | D:1      | grandjackal the Ogre Warper began the quest for the Orb.
     0 | D:1      | Reached XP level 1. HP: 22/22 MP: 3/3
   121 | D:1      | Reached skill level 3 in Fighting
   121 | D:1      | Reached XP level 2. HP: 28/31 MP: 5/5
   551 | D:1      | Got Gopru's Essays on Blasts
   658 | D:1      | Reached XP level 3. HP: 37/37 MP: 7/7
   661 | D:1      | Learned a level 2 spell: Blink
  1105 | D:2      | Identified the +0 cloak of Jaaqikk {Str+8 Int-5}
  1165 | D:2      | Noticed Terence
  1344 | D:3      | Found a runed translucent door.
  1344 | D:3      | Noticed a human
  1345 | D:3      | Found a basalt altar of Yredelemnul.
  1545 | D:3      | Reached XP level 4. HP: 38/48 MP: 8/8
  1728 | D:3      | Found a burning altar of Makhleb.
  1729 | D:3      | Found a shadowy altar of Dithmenos.
  1923 | D:3      | Reached skill level 4 in Fighting
  2372 | D:3      | Learned a level 4 spell: Manifold Assault
  2614 | D:4      | Reached XP level 5. HP: 54/54 MP: 10/10
  2778 | D:4      | Gained mutation: You are covered in fur. (AC +1) [potion of
                  | mutation]
  2778 | D:4      | Gained mutation: You are partially covered in iridescent
                  | scales. (AC +2) [potion of mutation]
  2778 | D:4      | Gained mutation: You occasionally lose the ability to read
                  | scrolls when taking damage. [potion of mutation]
  2778 | D:4      | Gained mutation: You expend magic power (3 MP) to
                  | strengthen your wands. [potion of mutation]
  2795 | D:4      | Slain by an orc

Illustrated notes

Levels and vault maps discovered:
D:1:      onia_arrival_handbag, layout_rooms
D:2:      layout_basic, uniq_terence
D:3:      minmay_recursive_quarters, layout_basic, dk_yredelemnul_ordeal,
          grunt_temple_overflow_open
D:4:      layout_rooms, serial_glass, glass_columns_c, glass_columns_a,
          reono_crystal_passage

Skill      XL: |  1  2  3  4 |
---------------+-------------+-----
Fighting       | 3 4 |  4.1
Maces & Flails | 2 |  2.7
Translocations | 3 |  3.3
Spellcasting   | 3 |  3.4
Throwing       | |  1.0
Dodging        | |  2.1

Action                     |  1- 3 |  4- 6 || total
---------------------------+-------+-------++-------
  Melee: Mace              |   162 |    95 ||   257
   Cast: Blink             |     1 |     1 ||     2
    Use: Potion            |       |     5 ||     5
   Stab: Sleeping          |     1 |       ||     1
 Armour: Robe              |   130 |    81 ||   211
  Dodge: Dodged            |    87 |    59 ||   146

Table legend: (Time is in decaauts)
 A = Elapsed time spent in this place.
 B = Non-inter-level travel time spent in this place.
 C = Inter-level travel time spent in this place.
 D = Time resting spent in this place.
 E = Time spent auto-exploring this place.
 F = Levels seen in this place.
 G = Mean time per level.
                   A        B        C        D        E       F      G
               +--------+--------+--------+--------+--------+-----+--------+
         Total |   2870 |   2764 |    106 |    483 |   1593 |   4 |  717.5 |
       Dungeon |   2870 |   2764 |    106 |    483 |   1593 |   4 |  717.5 |
               +--------+--------+--------+--------+--------+-----+--------+

Top non-repeatable levels by time:
     D:3: 1081 daAuts
     D:1: 861 daAuts
     D:2: 609 daAuts
     D:4: 317 daAuts
